 Dungeon Crawl Stone Soup version 0.17-a0-2002-g92c7e20 (webtiles) character file.

303 Goblin1989 the Ruffian (level 6, -1/37 HPs)
             Began as a Gargoyle Monk on Oct 8, 2015.
             Was a Believer of Cheibriados.
             Slain by an orc (3 damage)
             ... on level 4 of the Dungeon.
             The game lasted 00:15:04 (3030 turns).

Goblin1989 the Ruffian (Gargoyle Monk)              Turns: 3030, Time: 00:15:04

Health: -1/37      AC: 15    Str: 19    XL:     6   Next: 38%
Magic:  6/6        EV: 11    Int: 16    God:    Cheibriados [**....]
Gold:   178        SH:  5    Dex: 16    Spells: 0 memorised, 5 levels left

rFire  . . .     SeeInvis .       - Unarmed
rCold  . . .     Clarity  .     u - +0 ring mail
rNeg   + . .     SustAt   .     f - +2 buckler {AC+3}
rPois  ∞         Gourm    .     (no helmet)
rElec  +         Spirit   .     v - +2 cloak
rCorr  .         Warding  .     (no gloves)
rMut   .         Stasis   .     (no boots)
MR     .....                    (no amulet)
Stlth  +.........               (no ring)
                                (no ring)

@: very slow, not resistant to hostile enchantments, very unstealthy
A: negative energy resistance 1, electricity resistance, unbreathing,
petrification resistance, rot immunity, AC +4
a: Bend Time, Renounce Religion


You were on level 4 of the Dungeon.
You worshipped Cheibriados.
Cheibriados was pleased with you.
You were not hungry.

You visited 2 branches of the dungeon, and saw 5 of its levels.

You collected 178 gold pieces.

Inventory:

Hand Weapons
 n - a +0 whip of venom
Armour
 f - a +2 buckler of protection (worn)
 k - a +0 chain mail
 u - a +0 ring mail (worn)
 v - a +2 cloak (worn)
Scrolls
 e - 4 scrolls of identify {unknown}
 l - 2 scrolls of enchant armour {unknown}
 q - 2 scrolls of blinking {unknown}
 t - a scroll of remove curse {unknown}
 w - a scroll of random uselessness {unknown}
Potions
 a - 2 potions of lignification {unknown}
 c - a potion of beneficial mutation {unknown}
 d - 3 potions of magic {unknown}
 h - 2 potions of mutation {unknown}
 i - a potion of ambrosia {unknown}
 j - a potion of resistance {unknown}
 m - a potion of heal wounds {unknown}
 o - a potion of invisibility {unknown}
 p - a potion of curing {unknown}
 r - 2 potions of might {unknown}
 s - 2 potions of flight {unknown}
Comestibles
 b - 3 bread rations
 g - 2 meat rations


   Skills:
 - Level 3.2 Fighting
 - Level 2.4 Dodging
 - Level 2.1 Stealth
 + Level 7.5 Unarmed Combat


You had 5 spell levels left.
You didn't know any spells.

Dungeon Overview and Level Annotations

Branches:
Dungeon (4/15)             Temple (1/1) D:4

Altars:
Ashenzari
Cheibriados
Dithmenos
Elyvilon
Fedhas
Gozag
Kikubaaqudgha
Makhleb
Nemelex Xobeh
Okawaru
Qazlal
Ru
Sif Muna
Trog
Vehumet
Xom
Zin
The Shining One


Innate Abilities, Weirdness & Mutations

You are resistant to torment.
Your stone body is resilient (AC +4).
You are immune to poison.
You resist negative energy.
You are resistant to electric shocks.
You can survive without breathing.
You are immune to petrification.
You are immune to rotting.


Message History

You barely miss the orc. You block the adder's attack.
The orc hits you but does no damage.
You punch the orc!
The orc is severely wounded.
The orc closely misses you. The adder barely misses you.
The orc priest calls upon Beogh to heal the orc.
The orc is healed somewhat.
You punch the orc!
You kill the orc!
Cheibriados appreciates the change of pace.
The orc hits you but does no damage. The adder barely misses you.
You punch the orc!
The orc is almost dead.
The adder barely misses you. The orc hits you but does no damage.
The orc hits you but does no damage.
You hit the orc.
You kill the orc!
Cheibriados appreciates the change of pace.
The adder completely misses you. The orc hits you.
You die...

.....## . S.....#.##. #.
#.....#?#. ##.
#.....#..$ ### #..
#.....#.. .#... #.#
#..#.#... .).. #.#
###.....o# #..# # ####.#
##....##S)## ...#.#
....†###<[##.#
#@o##.....#
.####....###.#
##........# ##....####
#.# #...#.... #..####
#.####...# #.
..##########.#......#..#
#....<....)....#.......#
#.##########...#.####..#
#.# #.....####..## .(#
#...#........#


You could see an orc priest, an adder and an orc.

Vanquished Creatures
  A giant frog skeleton (D:3)
  Crazy Yiuf (D:3)
  An orc priest (D:4)
  An orc wizard (D:4)
  A worker ant (D:4)
  Natasha (twice) (D:3)
  2 adders
  3 oozes
  An adder skeleton (D:4)
  4 worms
  2 giant geckos
  7 orcs
  A ball python (D:1)
  2 giant cockroaches
  8 goblins
  11 hobgoblins
  10 jackals
  2 quokkas
  6 bats
  A giant newt (D:2)
  A jackal skeleton (D:4)
  7 kobolds
  5 rats
80 creatures vanquished.

Notes
Turn   | Place    | Note
--------------------------------------------------------------
     0 | D:1      | Goblin1989 the Gargoyle Monk began the quest for the Orb.
     0 | D:1      | Reached XP level 1. HP: 14/14 MP: 1/1
   125 | D:1      | Reached XP level 2. HP: 19/19 MP: 2/2
   402 | D:1      | Reached XP level 3. HP: 20/23 MP: 3/3
   526 | D:1      | Reached skill level 5 in Unarmed Combat
  1318 | D:3      | Reached XP level 4. HP: 28/28 MP: 4/4
  1440 | D:3      | Noticed Natasha
  1449 | D:3      | Killed Natasha
  1468 | D:3      | Noticed Natasha
  1477 | D:3      | Killed Natasha
  1477 | D:3      | Reached skill level 6 in Unarmed Combat
  1857 | D:3      | Reached XP level 5. HP: 27/32 MP: 5/5
  1980 | D:3      | Found a sacrificial altar of Ru.
  2382 | D:3      | Noticed Crazy Yiuf
  2395 | D:3      | Paralysed by Crazy Yiuf for 2 turns
  2406 | D:3      | Killed Crazy Yiuf
  2603 | D:4      | Found a staircase to the Ecumenical Temple.
  2617 | Temple   | Entered the Ecumenical Temple
  2683 | Temple   | Became a worshipper of Cheibriados the Contemplative
  2683 | Temple   | Acquired Cheibriados's first power
  2872 | D:4      | Reached skill level 7 in Unarmed Combat
  2900 | D:4      | Reached XP level 6. HP: 37/37 MP: 6/6
  3030 | D:4      | Slain by an orc

Vault maps used:
D:1:      elethiomel_arrival_shortcut
D:2:      first_bread
D:3:      nicolae_ru_awakened_eye, uniq_crazy_yiuf_cottage, uniq_natasha
D:4:      lemuel_zombie_altar_yredelemnul, minmay_temple_entry_overgrown,
          uniq_menkaure
Temple:   grunt_circular_temple_18

Action                   |  1- 3 |  4- 6 || total
-------------------------+-------+-------++-------
Melee: Unarmed           |   140 |   189 ||   329
 Stab: Sleeping          |     4 |       ||     4
  Eat: Chunk             |     1 |     4 ||     5
       Pizza             |       |     1 ||     1
